 Dungeon Crawl Stone Soup version 0.30-a0-23-ge60ba3568b (webtiles) character file.

Game seed: 12852732934067145339

16 Iusername the Trooper (level 2, -5/27 HPs)
             Began as a Minotaur Fighter on Aug 25, 2022.
             Slain by a kobold
             ... wielding a +0 whip of electrocution
              (20 damage)
             ... on level 1 of the Dungeon.
             The game lasted 00:00:19 (648 turns).

Iusername the Trooper (Minotaur Fighter)             Turns: 648, Time: 00:00:20

Health: -5/27      AC:  7    Str: 20    XL:     2   Next: 41%
Magic:  1/1        EV:  9    Int:  5    God:
Gold:   31         SH:  4    Dex:  9    Spells: 1/1 levels left

rFire   . . .      SeeInvis .    a - +0 long sword
rCold   . . .      Faith    .    c - +0 buckler
rNeg    . . .      Spirit   .    b - +0 scale mail
rPois   .          Reflect  .    (helmet restricted)
rElec   .          Harm     .    (no cloak)
rCorr   .          Rampage  .    (no gloves)
Will    .....                    (no boots)
Stlth   ..........               (no amulet)
HPRegen 0.09/turn                (no ring)
MPRegen 0.07/turn                (no ring)

@: no status effects
A: horns 2, retaliatory headbutt
a: no special abilities


You were on level 1 of the Dungeon.
You visited 1 branch of the dungeon, and saw 1 of its levels.

You collected 31 gold pieces.

Inventory:

Hand Weapons
 a - a +0 long sword (weapon)
Armour
 b - a +0 scale mail (worn)
 c - a +0 buckler (worn)
Scrolls
 e - a scroll of identify {unknown}
Potions
 d - a potion of might


   Skills:
 + Level 3.9 Fighting
 + Level 2.9 Long Blades
 + Level 3.8 Armour
 + Level 3.8 Shields


You had one spell level left.
You didn't know any spells.
Your spell library was empty.

Dungeon Overview and Level Annotations

Branches:
Dungeon (1/15)

Altars:


Innate Abilities, Weirdness & Mutations

You have a pair of horns on your head.
You reflexively headbutt those who attack you in melee.


Message History

HP restored.
You see here a hobgoblin corpse.
Found a short sword.
No target in view!
You now have 31 gold pieces (gained 8).
You open the door.
An endoplasm and a hobgoblin come into view.
The endoplasm quivers.
The hobgoblin shouts!
Found a scroll labelled MOXZESKIYF and 16 gold pieces.
A hobgoblin comes into view.
Found a black potion.
Found a stone staircase leading down.
The hobgoblin shouts!
There is an open door here.
There are monsters nearby!
There are monsters nearby!
You hit the hobgoblin.
You kill the hobgoblin!
You block the endoplasm's attack.
There are monsters nearby!
There are monsters nearby!
You slash the endoplasm!
You kill the endoplasm!
A kobold comes into view.
It is wielding a +0 whip of electrocution.
There are monsters nearby!
There are monsters nearby!
You slash the hobgoblin!
You kill the hobgoblin!
You see here a hobgoblin corpse.
A kobold is nearby!
A kobold is nearby!
A kobold is nearby!
You barely miss the kobold.
The kobold hits you with a +0 whip of electrocution.
You are electrocuted!
A kobold is nearby!
You barely miss the kobold. Your headbutt misses the kobold.
The kobold hits you but does no damage.
You are electrocuted!!
Ouch! That really hurt!
You die...

#..........#
#.########.#
##########.# #.#
...........# #.#
.##################.#
.# #?...##.# .#
#....##.# .#
#...†'..# .####
#...@#### ....#
#...K# .##.# #....#
.##.# .$.!>.. .##.#
......... .##.#
.......##. .##.#
....... # .##.#
####### .##.#


You could see a kobold.

Vanquished Creatures
  3 endoplasms (D:1)
  A giant cockroach (D:1)
  3 hobgoblins (D:1)
  3 jackals (D:1)
  3 kobolds (D:1)
13 creatures vanquished.

Notes
Turn   | Place    | Note
-------+----------+-------------------------------------------
     0 | D:1      | Iusername the Minotaur Fighter began the quest for the Orb.
     0 | D:1      | Reached XP level 1. HP: 19/19 MP: 0/0
    84 | D:1      | Reached XP level 2. HP: 20/27 MP: 1/1
   648 | D:1      | Slain by a kobold

Illustrated notes

Levels and vault maps discovered:
D:1:      onia_arrival_mini_spirals, layout_basic,
          dreamdust_ecumenical_altar_hidden_monk_grotto

Action                   || total
-------------------------++-------
Melee: Long sword        ||    26
       Headbutt          ||     3
Armor: Scale mail        ||    14
Dodge: Dodged            ||    15
Block: Buckler           ||     6

Table legend: (Time is in decaauts)
 A = Elapsed time spent in this place.
 B = Non-inter-level travel time spent in this place.
 C = Inter-level travel time spent in this place.
 D = Time resting spent in this place.
 E = Time spent auto-exploring this place.
 F = Levels seen in this place.
 G = Mean time per level.
                   A        B        C        D        E       F      G
               +--------+--------+--------+--------+--------+-----+--------+
         Total |    655 |    655 |      0 |    371 |    236 |   1 |  655.0 |
       Dungeon |    655 |    655 |      0 |    371 |    236 |   1 |  655.0 |
               +--------+--------+--------+--------+--------+-----+--------+

Top non-repeatable levels by time:
     D:1: 655 daAuts
